 Dungeon Crawl Stone Soup version 0.20-a0-2-g2b0e13a (console) character file.

569 brucemayne the Cleaver (level 7, -3/57 HPs)
             Began as a Hill Orc Monk on Oct 29, 2016.
             Slain by an orc warrior
             ... wielding a +0 trident
              (22 damage)
             ... on level 7 of the Dungeon.
             The game lasted 00:06:55 (1516 turns).

brucemayne the Cleaver (Hill Orc Monk)              Turns: 1516, Time: 00:06:56

Health: -3/57      AC:  8    Str: 15 (16) XL:     7   Next: 33%
Magic:  7/7        EV:  7    Int:  8 (10) God:
Gold:   117        SH:  0    Dex: 12 (13) Spells: 0 memorised, 6 levels left

rFire  . . .     SeeInvis .     t - +1 hand axe (elec)
rCold  . . .     Gourm    .     y - +0 chain mail (curse)
rNeg   . . .     Faith    .     (no shield)
rPois  .         Spirit   .     (no helmet)
rElec  .         Reflect  .     (no cloak)
rCorr  .         Harm     .     (no gloves)
MR     .....                    (no boots)
Stlth  ..........               (no amulet)
                                (no ring)
                                (no ring)

@: no status effects
A: no striking features
a: no special abilities


You were on level 7 of the Dungeon.
You were not hungry.

You visited 1 branch of the dungeon, and saw 7 of its levels.

You collected 117 gold pieces.

Inventory:

Hand Weapons
 a - a +0 hand axe
 h - a +0 war axe of chopping
 s - the +7 falchion of Girumesch {flame, *Rage Str+4 Int+4, unknown}
   (You found it on level 4 of the Dungeon)

   It has been specially enchanted to burn those struck by it, causing extra
   injury to most foes and up to half again as much damage against particularly
   susceptible opponents.
   Big, fiery blades are also staple armaments of hydra-hunters.
   It affects your strength (+4).
   It affects your intelligence (+4).
   It may make you go berserk in combat.
 t - a +1 hand axe of electrocution (weapon)
Missiles
 k - 8 tomahawks (quivered)
Armour
 b - a +0 robe
 q - a +0 ring mail
 y - a cursed +0 chain mail (worn)
Scrolls
 e - a scroll of fog {unknown}
 w - a scroll of identify
 x - 2 scrolls of remove curse
Potions
 j - a potion of invisibility
 n - a potion of haste {unknown}
 p - a potion of flight {unknown}
 r - a potion of might {unknown}
 u - a potion of agility
 v - a potion of brilliance {unknown}
Books
 f - a book of Misfortune

   Spells                             Type                      Level
   a - Confusing Touch                Hexes                        1
   b - Confuse                        Hexes                        3
   c - Gell's Gravitas                Hexes/Translocation          3
   d - Petrify                        Transmutation/Earth          4
   e - Metabolic Englaciation         Hexes/Ice                    5
   f - Yara's Violent Unravelling     Hexes/Transmutation          5
Comestibles
 c - a bread ration
 d - a meat ration
 o - a slice of pizza


   Skills:
 - Level 3.6 Fighting
 + Level 10.6 Axes
 - Level 2.4 Dodging
 - Level 1.5 Stealth


You had 6 spell levels left.
You didn't know any spells.

Dungeon Overview and Level Annotations

Branches:
Dungeon (8/15)
 Temple: D:4-7         Lair: D:8-11

Altars:
Cheibriados
Okawaru
Ru
Yredelemnul

Annotations:
D:4 Natasha; p0werm0de's ghost, amateur TeCK


Message History

You start resting.
Your magical contamination has completely faded away.
Okay, then.
You see here 17 stones.
An orc warrior comes into view. It is wielding a trident.
The orc warrior shouts!
Found a potion of degeneration and a scroll labeled WUUT NOOMU.
You see here a whip.
The orc warrior hits you but does no damage.
You see here a whip.
You see here 17 stones.
Items here: )) [[ † a dagger; a robe; a dagger; a robe; an orc corpse Unknown command.
Unknown command.
There is a stone staircase leading down here.
Things that are here:
3 chunks of flesh; a club; an orc corpse The orc warrior hits you from afar with a trident!!
You die...

..... .... ... #.#
............
#######.#
.?..........
#.......#
!...........
#.#####.# ....%......
####.# ####.........
#...@####.##....$....
#.##..o....#.........
# #..###.##.........
.....# #.######)####
#.....# #.######.#
####### #....)(..#
##########


You could see an orc warrior.

Vanquished Creatures
  A hippogriff (D:7)
  A black bear (D:7)
  A bullfrog zombie (D:5)
  A hound (D:4)
  2 orc priests
  2 orc wizards (D:7)
  An iguana (D:4)
  2 worker ants
  2 adders
  An ooze (D:3)
  An adder skeleton (D:3)
  A leopard gecko (D:2)
  8 orcs
  2 giant cockroaches
  4 hobgoblins
  4 jackals (D:4)
  5 kobolds
  A quokka (D:4)
  2 ball pythons
  A bat (D:3)
  3 frilled lizards
  7 rats
53 creatures vanquished.

Notes
Turn   | Place    | Note
-------+----------+-------------------------------------------
     0 | D:1      | brucemayne the Hill Orc Monk began the quest for the Orb.
     0 | D:1      | Reached XP level 1. HP: 19/19 MP: 1/1
     2 | D:1      | Noticed a gargoyle
     2 | D:1      | Noticed a demigod
     4 | D:1      | Noticed a vampire
     4 | D:1      | Noticed a naga
     6 | D:1      | Noticed a troll
     6 | D:1      | Noticed an elf
     8 | D:1      | Noticed an octopode
    10 | D:1      | Noticed a tengu
    10 | D:1      | Noticed a halfling
    12 | D:1      | Noticed a dwarf
    12 | D:1      | Noticed a ghoul
    15 | D:1      | Noticed a minotaur
    15 | D:1      | Noticed a felid
    17 | D:1      | Noticed a vine stalker
    20 | D:1      | Noticed a demonspawn
    20 | D:1      | Noticed a draconian
    22 | D:1      | Noticed a human
    24 | D:1      | Noticed an ogre
    24 | D:1      | Noticed a formicid
    26 | D:1      | Noticed a merfolk
    29 | D:1      | Noticed a centaur
    29 | D:1      | Noticed a spriggan
   176 | D:2      | Reached XP level 2. HP: 17/26 MP: 2/2
   249 | D:2      | Found a sacrificial altar of Ru.
   434 | D:2      | Found a basalt altar of Yredelemnul.
   530 | D:2      | Reached skill level 5 in Axes
   610 | D:3      | Found a snail-covered altar of Cheibriados.
   684 | D:3      | Reached XP level 3. HP: 18/31 MP: 3/3
   779 | D:4      | Reached skill level 6 in Axes
   779 | D:4      | Reached XP level 4. HP: 18/39 MP: 4/4
   828 | D:4      | Reached skill level 7 in Axes
   863 | D:4      | Found an iron altar of Okawaru.
   869 | D:4      | Got a shimmering falchion
   883 | D:4      | Noticed p0werm0de's ghost (amateur TeCK)
   891 | D:4      | Noticed an ogre
   942 | D:4      | Noticed Natasha
   985 | D:3      | Reached XP level 5. HP: 9/45 MP: 5/5
  1118 | D:5      | Entered Level 5 of the Dungeon
  1135 | D:5      | Reached skill level 8 in Axes
  1177 | D:5      | You fall through a shaft for 3 floors!
  1202 | D:8      | Reached XP level 6. HP: 22/51 MP: 6/6
  1227 | D:8      | Noticed an orc warrior
  1237 | D:8      | Noticed a sky beast
  1356 | D:7      | Noticed a black bear
  1369 | D:7      | Killed a black bear
  1369 | D:7      | Reached skill level 9 in Axes
  1386 | D:7      | Noticed a hippogriff
  1403 | D:7      | HP: 2/51 [something/puff of frost (13)]
  1422 | D:7      | HP: 1/51 [hippogriff (3)]
  1426 | D:7      | Killed a hippogriff
  1426 | D:7      | Reached skill level 10 in Axes
  1426 | D:7      | Reached XP level 7. HP: 2/57 MP: 7/7
  1516 | D:7      | Slain by an orc warrior

Vault maps used:
D:1:      kb_arrival_jail
D:2:      yredelemnul_altar_generic, lemuel_round_altar, st_stairs_1
D:3:      lemuel_round_altar, grunt_ministairs_2, evilmike_ruin_ashenzari,
          uniq_jessica
D:4:      okawaru_ov_weapons_minmay, uniq_natasha
D:5:      kennysheep_vampire_church, kennysheep_mini, first_bread, uniq_pikel
D:7:      nicolae_ru_path_of_blood
D:8:      minmay_curly_fans

Skill      XL: |  1  2  3  4  5  6 |
---------------+-------------------+-----
Axes           | 5 6 7 8 10 | 10.6
Fighting       | |  3.6
Dodging        | |  2.4
Stealth        | |  1.5

Action                   |  1- 3 |  4- 6 |  7- 9 || total
-------------------------+-------+-------+-------++-------
Melee: Hand axe          |    22 |    73 |       ||    95
       War axe           |    72 |    21 |       ||    93
  Use: Potion            |     2 |     6 |       ||     8
       Scroll            |       |     5 |       ||     5
 Stab: Sleeping          |     2 |     1 |       ||     3
       Invisible         |       |     1 |       ||     1
  Eat: Chunk             |       |     2 |       ||     2
Armor: Robe              |     9 |       |       ||     9
       Ring mail         |    13 |    21 |       ||    34
       Chain mail        |       |    26 |     1 ||    27
Dodge: Dodged            |    73 |    70 |       ||   143
